 Dungeon Crawl Stone Soup version 0.24-a0-246-gb963c9a (webtiles) character file.

Game seed: 14263905136022830220

489 Lanoc the Poker (level 7, 0/82 HPs)
             Began as a Merfolk Berserker on Apr 13, 2019.
             Was a Believer of Trog.
             Splashed by a jelly's acid (1 damage)
             ... on level 5 of the Dungeon.
             The game lasted 00:04:21 (3077 turns).

Lanoc the Poker (Merfolk Berserker)                 Turns: 3077, Time: 00:04:22

Health: 0/82       AC: -13   Str: 22    XL:     7   Next: 14%
Magic:  7/7        EV: 15    Int:  6    God:    Trog [**....]
Gold:   116        SH:  0    Dex: 16    Spells: 6/6 levels left

rFire    . . .     SeeInvis .   a - +0 spear
rCold    . . .     Gourm    .   (no shield)
rNeg     . . .     Faith    .   b - +0 animal skin
rPois    +         Spirit   .   (no helmet)
rElec    .         Reflect  .   (no cloak)
rCorr    .         Harm     .   (no gloves)
MR       .....                  (no boots)
Stlth    ..........             (no amulet)
HPRegen  0.23/turn              f - ring of poison resistance
MPRegen  0.10/turn              (no ring)

@: berserking, lethally poisoned (0 -> -1), corroded, very quick
A: change form in water, swift swim, stealthy swim
a: Berserk, Trog's Hand, Renounce Religion


You were on level 5 of the Dungeon.
You worshipped Trog.
Trog was pleased with you.
You were hungry.

You visited 1 branch of the dungeon, and saw 4 of its levels.

You collected 116 gold pieces.

Inventory:

Hand Weapons
 a - a +0 spear (weapon)
Armour
 b - a +0 animal skin (worn)
Jewellery
 f - a ring of poison resistance (left hand)
Scrolls
 d - 3 scrolls of teleportation {unknown}
 e - 3 scrolls of identify {unknown}
 g - a scroll of noise {unknown}
 i - a scroll of fear {unknown}
 j - a scroll of enchant weapon {unknown}
Potions
 h - 2 potions of haste
Comestibles
 c - 6 rations
 l - 3 chunks of flesh


   Skills:
 + Level 4.8 Fighting
 * Level 7.9 Polearms
 + Level 2.7 Armour
 + Level 4.9 Dodging


You had 6 spell levels left.
You didn't know any spells.
Your spell library was empty.

Dungeon Overview and Level Annotations

Branches:
Dungeon (5/15)
 Temple: D:4-7

Altars:


Message History

The jelly closely misses you.
You hit the jelly.
Your hands burn!
* * * LOW HITPOINT WARNING * * *
The jelly is heavily wounded.
You hit the jelly but do no damage. The acid corrodes you!
Your hands burn!
* * * LOW HITPOINT WARNING * * *
The jelly is heavily wounded.
The jelly barely misses you.
You hit the jelly but do no damage.
Your hands burn!
* * * LOW HITPOINT WARNING * * *
The jelly is heavily wounded.
You hit the jelly but do no damage.
Your hands burn!
* * * LOW HITPOINT WARNING * * *
The jelly is heavily wounded.
The jelly hits you.
* * * LOW HITPOINT WARNING * * *
You are splashed with acid!
* * * LOW HITPOINT WARNING * * *
You hit the jelly.
Your hands burn!
You die...

######## #.......
#.....<. #######
#....)..
#.....$##########.......
#...!...................
......J@................
#......####.#######.####
..###.. #.#.#######.#
##. #<..#.......#
#..###.........#
#..............####
.>.............+...
######....|....##..
#.......:.##..


You could see a jelly.

Vanquished Creatures
  An ogre (D:5)
  2 scorpions (D:5)
  A howler monkey (D:4)
  A hound (D:5)
  A bullfrog skeleton (D:4)
  5 worker ants
  3 gnolls (D:4)
  An adder (D:4)
  A shadow imp (D:5)
  2 oozes (D:1)
  An adder skeleton (D:4)
  A dart slug (D:4)
  3 leopard geckos
  4 orcs (D:4)
  3 giant cockroaches
  2 goblins (D:1)
  5 hobgoblins
  A quokka (D:4)
  A ball python (D:1)
  4 bats
  A frilled lizard (D:4)
  A jackal skeleton (D:4)
  4 kobolds (D:1)
  3 rats (D:1)
52 creatures vanquished.

Notes
Turn   | Place    | Note
-------+----------+-------------------------------------------
     0 | D:1      | Lanoc the Merfolk Berserker began the quest for the Orb.
     0 | D:1      | Reached XP level 1. HP: 18/18 MP: 1/1
     3 | D:1      | Noticed an electric eel
     3 | D:1      | Noticed an electric eel
   336 | D:1      | Reached XP level 2. HP: 24/24 MP: 2/2
   668 | D:1      | Reached skill level 5 in Polearms
   774 | D:1      | Reached XP level 3. HP: 20/29 MP: 3/3
   978 | D:2      | You fall through a shaft for 2 floors!
  1008 | D:4      | Reached ** piety under Trog
  1032 | D:4      | Reached XP level 4. HP: 22/37 MP: 4/4
  1432 | D:4      | Reached skill level 6 in Polearms
  1432 | D:4      | Reached XP level 5. HP: 41/42 MP: 5/5
  2122 | D:4      | Reached XP level 6. HP: 29/48 MP: 6/6
  2402 | D:5      | Entered Level 5 of the Dungeon
  2461 | D:5      | Reached skill level 7 in Polearms
  2865 | D:5      | Reached XP level 7. HP: 23/55 MP: 7/7
  3076 | D:5      | HP: 1/82 [acid (10)]
  3077 | D:5      | Splashed by a jelly's acid

Levels and vault maps discovered:
D:1:      arrival_aquarium_b, layout_basic
D:2:      layout_rooms, makhleb_altar_promises_db, elyvilon_altar_3,
          uniq_natasha, uniq_sigmund
D:4:      layout_gridville, first_ration
D:5:      layout_basic, minivault_5

Skill      XL: |  1  2  3  4  5  6 |
---------------+-------------------+-----
Dodging        | 3 4 |  4.9
Polearms       | 5 6 7 |  7.9
Armour         | 2 |  2.7
Fighting       | 4 |  4.8

Action                   |  1- 3 |  4- 6 |  7- 9 || total
-------------------------+-------+-------+-------++-------
Melee: Spear             |   115 |   164 |    27 ||   306
Invok: Berserk           |     3 |     8 |     1 ||    12
  Use: Potion            |       |     2 |       ||     2
 Stab: Sleeping          |     1 |     1 |       ||     2
  Eat: Chunk             |     1 |    11 |     2 ||    14
       Ration            |       |     1 |       ||     1
Armor: Animal skin       |    11 |    12 |       ||    23
Dodge: Dodged            |    45 |    78 |    10 ||   133

Table legend:
 A = Non-vault XP
 B = Vault XP
 C = Vault XP percentage of total XP
 D = Non-vault monster count
 E = Vault monster count
 F = Vault count percentage of total count
                 A         B        C        D         E       F
            +---------+---------+-------+---------+---------+-------
      Total |     699 |       0 |   0.0 |      52 |       0 |   0.0
            +---------+---------+-------+---------+---------+-------
        D:1 |      47 |       0 |   0.0 |      22 |       0 |   0.0
        D:2 |       4 |       0 |   0.0 |       2 |       0 |   0.0
        D:4 |     276 |       0 |   0.0 |      20 |       0 |   0.0
        D:5 |     372 |       0 |   0.0 |       8 |       0 |   0.0
            +---------+---------+-------+---------+---------+-------
